 Dungeon Crawl Stone Soup version 0.30.1-4-g462c640d31 (webtiles) character file.

Game seed: 16977941275069987371

86 lonewolfV2 the Trooper (level 4, -2/36 HPs)
             Began as a Demonspawn Fighter on Aug 25, 2023.
             Slain by a gnoll
             ... wielding a +0 spear
              (4 damage)
             ... on level 2 of the Dungeon.
             The game lasted 00:01:58 (902 turns).

lonewolfV2 the Trooper (Demonspawn Fighter)          Turns: 902, Time: 00:01:58

Health: -2/36      AC:  6    Str: 19    XL:     4   Next: 26%
Magic:  4/4        EV:  9    Int:  9    God:
Gold:   85         SH:  4    Dex: 12    Spells: 3/3 levels left

rFire   x . .        a - +0 war axe (flame)
rCold   + . .        c - +0 buckler
rNeg    . . .        b - +0 scale mail
rPois   .            (helmet restricted)
rElec   .            (no cloak)
rCorr   .            (no gloves)
SInv    .            (no boots)
Will    .....        (no amulet) Stlth
                     k - ring of ice
HPRegen 0.26/turn    (no ring)
MPRegen 0.09/turn

%: no passive effects
@: weak-willed
A: horns 1
a: no special abilities


You were on level 2 of the Dungeon.
You visited 1 branch of the dungeon, and saw 2 of its levels.

You collected 85 gold pieces.

Inventory:

Hand Weapons
 a - a +0 war axe of flaming (weapon)
Armour
 b - a +0 scale mail (worn)
 c - a +0 buckler (worn)
Jewellery
 e - a ring of flight
 k - a ring of ice (left hand)
Scrolls
 f - a scroll of identify
 l - a scroll of fear
Potions
 d - a potion of might
 g - a potion of ambrosia
 h - 3 potions of heal wounds
 i - a potion of brilliance
 j - 2 potions of degeneration {unknown}


   Skills:
 + Level 3.6 Fighting
 + Level 2.6 Axes
 + Level 3.1 Armour
 + Level 0.9 Dodging
 + Level 3.1 Shields


You had 3 spell levels left.
You didn't know any spells.
Your spell library contained the following spells:

 Spells                   Type           Power      Damage    Failure   Level
 Cause Fear               Hex            0%         N/A       100%        4
 Dragon Form              Tmut           0%         N/A       100%        7
 Dragon's Call            Summ           0%         N/A       100%        9


Dungeon Overview and Level Annotations

Branches:
Dungeon (2/15)

Altars:


Innate Abilities, Weirdness & Mutations

You have a pair of small horns on your head.


Message History

You feel stronger.
The hobgoblin hits you but does no damage.
Things that are here:
a +0 spear; a throwing net You slash the hobgoblin!
You burn the hobgoblin.
You kill the hobgoblin!
The gnoll hits you from afar with a +0 spear.
A gnoll comes into view. It is wielding a +0 club.
The gnoll hits you from afar with a +0 spear.
The gnoll hits you from afar with a +0 spear!
* * * LOW HITPOINT WARNING * * *
The gnoll closely misses you.
Things that are here:
a +0 spear; a throwing net The gnoll hits you from afar with a +0 spear.
* * * LOW HITPOINT WARNING * * *
You block the gnoll's attack.
Things that are here:
a +0 spear; a throwing net The gnoll barely misses you.
The gnoll hits you with a +0 spear.
* * * LOW HITPOINT WARNING * * *
You slash the gnoll! You burn the gnoll.
You kill the gnoll!
You hit the gnoll but do no damage.
A gnoll comes into view. It is wielding a +0 flail.
The gnoll hits you with a +0 spear.
* * * LOW HITPOINT WARNING * * *
The gnoll hits you with a +0 spear.
* * * LOW HITPOINT WARNING * * *
The gnoll closely misses you.
Things that are here:
a +0 club; a gnoll corpse You closely miss the gnoll.
You slash the gnoll! You burn the gnoll. You block the gnoll's attack. x2
You hit the gnoll. You burn the gnoll.
The gnoll is heavily wounded.
You hit the gnoll. You burn the gnoll.
You kill the gnoll!
The gnoll hits you with a +0 spear.
You die...

#.<....####
####...†..#
######.#
#.# ##
#.### ..
#...## .#
###..##.#
##.)#)#
##.@.#
##g....#
#.>.###
#####


You could see a gnoll.

Vanquished Creatures
  3 gnolls (D:2)
  An adder (D:2)
  3 dart slugs
  5 ball pythons
  3 endoplasms
  3 giant cockroaches
  7 goblins
  6 hobgoblins
  2 jackals (D:1)
  3 kobolds
  2 quokkas
  6 bats
  3 frilled lizards
  2 rats
49 creatures vanquished.

Notes
Turn   | Place    | Note
-------+----------+-------------------------------------------
     0 | D:1      | lonewolfV2 the Demonspawn Fighter began the quest for the
                  | Orb.
     0 | D:1      | Reached XP level 1. HP: 18/18 MP: 1/1
    89 | D:1      | Gained mutation: You have a pair of small horns on your
                  | head. [demonic ancestry]
    89 | D:1      | Reached XP level 2. HP: 23/24 MP: 2/2
   577 | D:2      | Reached XP level 3. HP: 29/29 MP: 3/3
   890 | D:2      | Reached XP level 4. HP: 17/36 MP: 4/4
   900 | D:2      | HP: 1/36 [gnoll/+0 spear (1)]
   902 | D:2      | Slain by a gnoll

Illustrated notes

Levels and vault maps discovered:
D:1:      dpeg_arrival_prison, layout_rooms
D:2:      layout_basic

Skill      XL: |  1  2  3 |
---------------+----------+-----
Shields        | 3 |  3.1
Armour         | 3 |  3.1
Axes           | 2 |  2.6
Fighting       | |  3.6
Dodging        | |  0.9

Action                     |  1- 3 |  4- 6 || total
---------------------------+-------+-------++-------
  Melee: War axe           |    85 |     4 ||    89
         Headbutt          |     3 |       ||     3
    Use: Scroll            |     7 |       ||     7
 Armour: Scale mail        |    55 |     1 ||    56
  Dodge: Dodged            |    33 |     3 ||    36
  Block: Buckler           |    22 |     3 ||    25
